AoeStats
← Velmont

Arena

510359536Analyzed
1v1 RM · 2d ago on Sep 30, 2026· 35m 23s· 2 players
Game mode
Random Map
Map size
Tiny (2 player)
Population
200
Speed
Normal
Resources
Standard
Victory
Conquest
Starting age
Dark Age
Ending age
Imperial Age
RankedLock teamsTeams togetherTeam positionsShared explorationLock speedFull tech treeHidden civsTurbo modeCheats
Victory
Defeat
1164
+17
🇮🇳 Spanish · India
1188
-17
MLT | Mr.morbidiello
10:49 Feudal Age
11:58 Double-Bit Axe
14:59 Castle Age
13:09 Horse Collar
16:47 Bow Saw
17:36 Loom
18:52 Fervor
23:43 Wheelbarrow
23:19 Fletching
25:12 Hand Cart
29:21 Imperial Age
27:42 Bodkin Arrow
27:47 Padded Archer Armor
27:48 Scale Mail Armor
27:58 Forging
27:11 Elite Skirmisher
28:29 Pikeman
28:55 Arson
29:12 Squires
30:43 Ballistics
31:24 Chemistry
31:39 Iron Casting
31:19 Chain Mail Armor
32:09 Conscription
33:26 Halberdier
34:52 Plate Mail Armor
35:22 Blast Furnace
Velmont
11:13 Feudal Age
15:25 Castle Age
14:00 Double-Bit Axe
14:42 Horse Collar
16:19 Bow Saw
16:33 Gold Mining
22:32 Devotion
24:54 Wheelbarrow
24:05 Loom
24:14 Loom
25:16 Stone Mining
28:19 Light Cavalry
29:13 Bloodlines
29:03 Husbandry
33:21 Imperial Age
30:45 Light Cavalry
32:35 Fletching
32:51 Scale Barding Armor
32:59 Forging
35:09 Two-Man Saw
34:10 Heavy Plow
Connection lost

Rejoining the realm…

Still unreachable

The connection could not be restored.

Session expired

The server has moved on; the page needs a fresh start.